 Dungeon Crawl Stone Soup version 0.31.0 (webtiles) character file.

Game seed: 11770481288712548071

268 qw the Shooter (level 6, -1/40 HPs)
             Began as a Gargoyle Hunter on Jan 19, 2024.
             Frozen to death by an endoplasm (5 damage)
             ... on level 2 of the Dungeon.
             The game lasted 00:00:07 (1651 turns).

qw the Shooter (Gargoyle Hunter)                    Turns: 1651, Time: 00:00:07

Health: -1/40      AC: 13    Str: 14    XL:     6   Next: 21%
Magic:  6/6        EV: 10    Int: 10    God:
Gold:   93         SH:  0    Dex: 15    Spells: 5/5 levels left

rFire   . . .        a - +0 shortbow
rCold   . . .        (shield currently unavailable)
rNeg    + . .        g - +0 ring mail
rPois   inf          (no helmet)
rElec   +            (no cloak)
rCorr   .            (no gloves)
SInv    .            (no boots)
Will    .....        (no amulet)
Stlth   +            m - +4 ring of protection
HPRegen 0.26/turn    (no ring)
MPRegen 0.10/turn

%: no passive effects
@: no status effects
A: sickness immunity, AC +4, negative energy resistance 1, electricity
resistance, torment resistance 1, petrification resistance
a: no special abilities


You were on level 2 of the Dungeon.
You visited 1 branch of the dungeon, and saw 2 of its levels.

You collected 93 gold pieces.


Innate Abilities, Weirdness & Mutations

You are immune to sickness and miasma.
Your stone body is resilient. (AC +4)
You are immune to poison.
You resist negative energy. (rN+)
You are resistant to electric shocks. (rElec)
You are resistant to unholy torment.
You are immune to petrification.


   Skills:
 - Level 5.2 Fighting
 + Level 5.6 Ranged Weapons
 - Level 1.0 Armour
 - Level 1.5 Dodging
 - Level 1.1 Stealth


You had 5 spell levels left.
You didn't know any spells.
Your spell library was empty.

Inventory:

Hand Weapons
 a - a +0 shortbow (weapon)
Armour
 g - a +0 ring mail (worn)
 h - a +1 robe of willpower
Jewellery
 j - a ring of ice
 m - a +4 ring of protection (left hand)
Wands
 b - a wand of flame (2)
Scrolls
 d - a scroll of enchant weapon {unknown}
Potions
 c - 2 potions of might
 e - a potion of mutation {unknown}
 f - a potion of curing {unknown}
 l - a potion of resistance {unknown}

Dungeon Overview and Level Annotations

Branches:
Dungeon (2/15)

Altars:

Annotations:
D:2 Robin


Message History

The hobgoblin hits you but does no damage.
You shoot an arrow. The arrow closely misses the goblin.
The goblin barely misses you. The hobgoblin closely misses you.
You shoot an arrow. The arrow closely misses the goblin.
The goblin no longer looks unusually strong.
The goblin hits you but does no damage.
The hobgoblin hits you but does no damage.
Robin roars a battlecry!
The goblin goes into a battle-frenzy!
The hobgoblin misses you. The goblin hits you but does no damage.
You shoot an arrow. The arrow closely misses the goblin.
The goblin closely misses you. The hobgoblin hits you.
You shoot an arrow. The arrow hits the goblin.
The goblin is heavily wounded.
The goblin closely misses you. The hobgoblin misses you.
You shoot an arrow. The arrow closely misses the goblin.
The goblin hits you with a +0 club. The hobgoblin hits you.
You shoot an arrow. The arrow hits the goblin.
The goblin is almost dead.
The goblin hits you with a +0 club. The hobgoblin barely misses you.
You shoot an arrow. The arrow hits the goblin.
You kill the goblin!
The hobgoblin hits you but does no damage.
The hobgoblin hits you.
You shoot an arrow.
The arrow hits the hobgoblin but does no damage.
The hobgoblin hits you but does no damage.
You shoot an arrow. The arrow barely misses the hobgoblin.
The arrow hits the endoplasm.
The endoplasm is lightly wounded.
The hobgoblin no longer looks unusually strong.
The hobgoblin hits you but does no damage.
You shoot an arrow. The arrow hits the hobgoblin.
You kill the hobgoblin!
You shoot an arrow.
The arrow hits the endoplasm but does no damage.
The endoplasm is lightly wounded.
The endoplasm freezes you.
You are frozen.
You die...

...# .... ...# #).
#####.# ... #.....#
#g# #.#...# ##J##
#.#.#.# ##)@)##
#.#.#.## ##.))..##
#.#.#..## ##.......#
#.......####.........#
...........'........<+
###.#...####.........#
#.##.## ##.......##
#.#### ##.....## #.#
##...##


You could see Robin and an endoplasm.

Vanquished Creatures
  Sigmund (D:2)
  Jessica (D:2)
  Terence (D:2)
  2 dart slugs
  2 ball pythons
  7 endoplasms
  A giant cockroach (D:1)
  6 hobgoblins
  6 bats
  A frilled lizard (D:1)
  14 goblins
  7 kobolds
  3 rats
52 creatures vanquished.

Notes
Turn   | Place    | Note
-------+----------+-------------------------------------------
     0 | D:1      | qw the Gargoyle Hunter began the quest for the Orb.
     0 | D:1      | Reached XP level 1. HP: 12/12 MP: 1/1
     0 | D:1      | 0 ||| qw: Version: 0.3-a-132-g3d54051
     0 | D:1      | 0 ||| qw: Game counter: 117
     0 | D:1      | 0 ||| qw: Melee chars always use a shield: true
     0 | D:1      | 0 ||| qw: God list: Okawaru
     0 | D:1      | 0 ||| qw: Allow faded altars: false
     0 | D:1      | 0 ||| qw: Do Orc after clearing Dungeon:15 true
     0 | D:1      | 0 ||| qw: Do second Lair branch before Depths: true
     0 | D:1      | 0 ||| qw: Lair rune preference: random
     0 | D:1      | 0 ||| qw: Goals: Normal
     0 | D:1      | 0 ||| PLANNING D:1-11
   168 | D:1      | Reached XP level 2. HP: 17/17 MP: 2/2
   343 | D:1      | Reached XP level 3. HP: 21/21 MP: 3/3
   560 | D:1      | 560 ||| UPGRADING to +0 ring mail.
   570 | D:1      | 570 ||| DROPPING +0 leather armour.
   571 | D:1      | 571 ||| UPGRADING to +4 ring of protection.
   572 | D:1      | 572 ||| READING scroll labelled UQYJOZ DANEHOF.
   673 | D:1      | 673 ||| READING scroll labelled JOISACRUUSH.
   674 | D:1      | 674 ||| READING scroll labelled DOIMOU RIPU.
   775 | D:1      | 775 ||| DRINKING 2 ruby potions.
   776 | D:1      | 776 ||| DRINKING dark potion.
   777 | D:1      | 777 ||| DRINKING orange potion.
   778 | D:1      | 778 ||| DROPPING scroll of butterflies.
   779 | D:1      | 779 ||| DROPPING potion of ambrosia.
  1007 | D:2      | Reached skill level 1 in Armour
  1111 | D:2      | Noticed Sigmund
  1122 | D:2      | Killed Sigmund
  1123 | D:2      | Reached XP level 4. HP: 12/31 MP: 4/4
  1123 | D:2      | Reached XP level 5. HP: 13/35 MP: 5/5
  1123 | D:2      | 1123 ||| FLEEEEING.
  1180 | D:2      | 1180 ||| FLEEEEING.
  1185 | D:2      | 1185 ||| STAIRDANCE
  1228 | D:2      | Noticed Terence
  1263 | D:2      | Killed Terence
  1264 | D:2      | Reached XP level 6. HP: 25/40 MP: 6/6
  1543 | D:2      | Noticed Jessica
  1547 | D:2      | Killed Jessica
  1614 | D:2      | Noticed Robin
  1646 | D:2      | HP: 9/40 [goblin/+0 club[Robin] (3)]
  1647 | D:2      | HP: 3/40 [hobgoblin[Robin] (6)]
  1651 | D:2      | Frozen to death by an endoplasm

Levels and vault maps discovered:
D:1:      mrwooster_arrival_statue_2, layout_rooms,
          chequers_serial_rivers_large_a
D:2:      layout_loops_corners, hangedman_glass_teeth, uniq_jessica, uniq_robin,
          uniq_terence, uniq_sigmund

Skill      XL: |  1  2  3 |
---------------+----------+-----
Ranged Weapons | 5 |  5.6
Armour         | 1 |  1.0
Fighting       | 5 |  5.2
Dodging        | |  1.5
Stealth        | |  1.1

Action                     |  1- 3 |  4- 6 || total
---------------------------+-------+-------++-------
   Fire: Shortbow          |   122 |    87 ||   209
    Use: Scroll            |     3 |       ||     3
         Potion            |     3 |       ||     3
 Armour: Leather armour    |    26 |       ||    26
         Ring mail         |     6 |    85 ||    91
  Dodge: Dodged            |    32 |    59 ||    91

Table legend:
 A = Non-vault XP
 B = Vault XP
 C = Vault XP percentage of total XP
 D = Non-vault monster count
 E = Vault monster count
 F = Vault count percentage of total count
                 A         B        C        D         E       F
            +---------+---------+-------+---------+---------+-------
      Total |      67 |     316 |  82.5 |      38 |      14 |  26.9
            +---------+---------+-------+---------+---------+-------
        D:1 |      43 |       0 |   0.0 |      26 |       0 |   0.0
        D:2 |      24 |     316 |  92.9 |      12 |      14 |  53.8
            +---------+---------+-------+---------+---------+-------
